 Dungeon Crawl Stone Soup version 0.21-a0-153-g78480df (webtiles) character file.

13 tehllama the Digger (level 2, -2/15 HPs)
             Began as a Gargoyle Earth Elementalist on July 31, 2017.
             Slain by a kobold
             ... wielding a +2 short sword of distortion
              (15 damage)
             ... on level 1 of the Dungeon.
             The game lasted 00:01:17 (354 turns).

tehllama the Digger (Gargoyle Earth Elementalist)    Turns: 354, Time: 00:01:18

Health: -2/15      AC:  4    Str: 11    XL:     2   Next: 37%
Magic:  5/5        EV: 12    Int: 15    God:
Gold:   14         SH:  0    Dex: 10    Spells: 4/5 levels left

rFire    . . .     SeeInvis .   f - +0 club
rCold    . . .     Gourm    .   (no shield)
rNeg     + . .     Faith    .   c - +0 robe
rPois    ∞         Spirit   .   (no helmet)
rElec    +         Reflect  .   (no cloak)
rCorr    .         Harm     .   (no gloves)
MR       .....                  (no boots)
Stlth    ++........             (no amulet)
HPRegen  0.05/turn              (no ring)
MPRegen  0.09/turn              (no ring)

@: no status effects
A: negative energy resistance 1, electricity resistance, unbreathing,
petrification resistance, rot immunity, AC +2
a: no special abilities


You were on level 1 of the Dungeon.
You were not hungry.

You visited 1 branch of the dungeon, and saw 1 of its levels.

You collected 14 gold pieces.

Inventory:

Hand Weapons
 f - a +0 club (weapon)
Missiles
 b - 96 stones (quivered)
Armour
 c - a +0 robe (worn)
Scrolls
 g - a scroll of remove curse {unknown}
Potions
 h - a potion of brilliance {unknown}
 i - 2 potions of might {unknown}
Books
 e - a book of Geomancy

   Spells                             Type                      Level
   a - Sandblast                      Earth                        1
   b - Passwall                       Transmutation/Earth          2
   c - Stone Arrow                    Conjuration/Earth            3
   d - Petrify                        Transmutation/Earth          4
   e - Lee's Rapid Deconstruction     Earth                        5
Comestibles
 a - a chunk of flesh
 d - a bread ration


   Skills:
 - Level 1.5 Dodging
 - Level 2.1 Stealth
 + Level 2.4 Spellcasting
   Level 0.7 Transmutations
 + Level 4.1 Earth Magic


You had 4 spell levels left.
You knew the following spells:

 Your Spells              Type           Power        Failure   Level  Hunger
a - Sandblast             Erth           ##....       4%          1    #......


Dungeon Overview and Level Annotations

Branches:
Dungeon (1/15)

Altars:


Innate Abilities, Weirdness & Mutations

You are resistant to torment.
Your stone body is resilient. (AC +2)
You are immune to poison.
You resist negative energy. (rN+)
You are resistant to electric shocks. (rElec)
You can survive without breathing.
You are immune to petrification.
You are immune to rotting.


Message History

The goblin is too close now for your liking.
The goblin barely misses you.
You hit the goblin.
The goblin is heavily wounded.
The goblin misses you.
You hit the goblin.
You kill the goblin!
You see here a goblin corpse.
You see here a goblin corpse.
You butcher the goblin corpse.
a - a chunk of flesh You see here a goblin skeleton.
A kobold comes into view.
It is wielding a short sword of distortion.
The kobold shouts!
The kobold closely misses you.
You closely miss the kobold.
The kobold hits you with a short sword of distortion.
Space warps horribly around you!
Ouch! That really hurt!
You die...

....#....# ....#....###
##### ...........# #...#
...........# #...# .
...........# #...# ..
...........#######...##.##
..........................
...........#######...##.##
...........####.@.÷...#
................K.....#
...........####.#.....#
#####.###### #.#.....# #.#
#.####### #.# #. #.# ##
#.# #.#


You could see a kobold.

Vanquished Creatures
  An ooze (D:1)
  A bat (D:1)
  2 goblins (D:1)
  2 hobgoblins (D:1)
  A frilled lizard (D:1)
  A kobold (D:1)
8 creatures vanquished.

Notes
Turn   | Place    | Note
-------+----------+-------------------------------------------
     0 | D:1      | tehllama the Gargoyle Earth Elementalist began the quest for the Orb.
     0 | D:1      | Reached XP level 1. HP: 10/10 MP: 3/3
   279 | D:1      | Reached skill level 4 in Earth Magic
   279 | D:1      | Reached XP level 2. HP: 15/15 MP: 3/5
   354 | D:1      | Slain by a kobold

Vault maps used:
D:1:      scummos_arrival_simple_fountains

Skill      XL: |  1 |
---------------+----+-----
Earth Magic    | 4 |  4.1
Dodging        | |  1.5
Stealth        | |  2.1
Spellcasting   | |  2.4
Transmutations | |  0.7

Action                   || total
-------------------------++-------
Melee: Club              ||    19
       Unarmed           ||     6
 Cast: Sandblast         ||     2
 Stab: Sleeping          ||     2
Armor: Robe              ||     6
Dodge: Dodged            ||    19
